 Dungeon Crawl Stone Soup version 0.29-a0-819-g94b489e0ae (webtiles) character file.

Game seed: 12915423993869324205

4283 snarfax the Covert (level 10, -1/63 HPs)
             Began as an Octopode Brigand on July 6, 2022.
             Was a Believer of Yredelemnul.
             Constricted to death by Joseph (9 damage)
             ... on level 8 of the Dungeon.
             The game lasted 00:21:09 (9311 turns).

snarfax the Covert (Octopode Brigand)               Turns: 9311, Time: 00:21:09

Health: -1/63      AC:  1    Str: 14    XL:     10   Next: 32%
Magic:  10/10      EV: 15    Int: 26    God:    Yredelemnul [**....]
Gold:   519        SH:  0    Dex: 20    Spells: 9/9 levels left

rFire   . . .      SeeInvis .   w - +0 short sword (flame)
rCold   . . .      Faith    .   (no shield)
rNeg    . . .      Spirit   .   (helmet restricted)
rPois   .          Reflect  .   D - amulet of regeneration
rElec   .          Harm     .   f - +6 ring of intelligence
rCorr   .          Rampage  .   o - +6 ring of dexterity
Will    .....                   B - +6 ring of intelligence
Stlth   ++++++....              (no ring)
HPRegen 1.00/turn               (no ring)
MPRegen 0.12/turn               (no ring)
                                (no ring)
                                (no ring)

@: grasped by roots, constricted
A: almost no armour, amphibious, 8 rings, camouflage 1, gelatinous body 1,
(nimble swimmer 1), tentacles
a: Renounce Religion, Recall Undead Harvest, Dark Bargain


You were on level 8 of the Dungeon.
You worshipped Yredelemnul.
Yredelemnul was noncommittal.
You visited 1 branch of the dungeon, and saw 8 of its levels.
You also visited: Sewer.

You collected 519 gold pieces.

Inventory:

Hand Weapons
 a - a +2 dagger
 w - a +0 short sword of flaming (weapon)
Missiles
 b - 23 poisoned darts
 c - 2 curare-tipped darts (quivered)
 g - 3 silver boomerangs
 m - 2 throwing nets
Jewellery
 f - a +6 ring of intelligence (left tentacle)
 o - a +6 ring of dexterity (right tentacle)
 B - a +6 ring of intelligence (on tentacle)
 D - an amulet of regeneration (around mantle)
Wands
 r - a wand of light (12)
 F - a wand of flame (13)
Scrolls
 q - a scroll of fear
 s - 2 scrolls of fog
 t - a scroll of summoning {unknown}
 u - 2 scrolls of enchant armour {unknown}
 x - a scroll of silence {unknown}
 y - 2 scrolls of vulnerability {unknown}
 C - a scroll of teleportation
Potions
 d - 3 potions of degeneration {unknown}
 e - 5 potions of haste
 h - 2 potions of attraction {unknown}
 i - 6 potions of curing {unknown}
 j - 2 potions of might
 k - 2 potions of mutation
 l - a potion of heal wounds
 n - 2 potions of flight
 p - a potion of resistance {unknown}
 v - 2 potions of lignification {unknown}
 z - 2 potions of invisibility {unknown}
 A - 2 potions of berserk rage {unknown}
 E - 2 potions of brilliance {unknown}


   Skills:
 - Level 4.0 Fighting
 * Level 10.2 Short Blades
 - Level 3.0 Throwing
 + Level 7.2 Dodging
 + Level 11.2 Stealth


You had 9 spell levels left.
You didn't know any spells.
Your spell library contained the following spells:

 Spells                   Type           Power      Damage    Failure   Level
 Ensorcelled Hibernation  Hex/Ice        0%         N/A       19%         2
 Passwall                 Tmut/Erth      0%         N/A       19%         2
 Gell's Gravitas          Tloc           0%         N/A       36%         3
 Swiftness                Air            0%         N/A       36%         3
 Teleport Other           Tloc           0%         N/A       36%         3
 Passage of Golubria      Tloc           0%         N/A       77%         4
 Silence                  Hex/Air        0%         N/A       98%         5
 Dispersal                Tloc           0%         N/A       100%        6
 Lehudib's Crystal Spear  Conj/Erth      0%         10d2      100%        8


Dungeon Overview and Level Annotations

Branches:
Dungeon (8/15)             Temple (0/1) D:5           Sewer (visited)
   Lair: D:8-11

Altars:
Fedhas
Gozag
Kikubaaqudgha
Ru
Trog
Yredelemnul

Shops:
D:8 [

Annotations:
D:8 Joseph


Innate Abilities, Weirdness & Mutations

You cannot wear most types of armour.
You are amphibious.
You can wear up to eight rings at the same time.
Your skin changes colour to match your surroundings (Stealth+).
Your rubbery body absorbs attacks. (AC +1, EV +1)
((You are camouflaged when in or above water. (Stealth+)))
You have tentacles for arms and can constrict up to eight enemies at once.


Message History

Joseph zaps a wand.
The roots erupt in riotous growth!
The grasping roots grab you! Roots grab your orc warrior zombie.
Joseph is unaffected.
The grasping roots constrict your orc warrior zombie!
The grasping roots constrict you!
You hit Joseph. You burn Joseph. Your grab misses Joseph. You squeeze Joseph!
Joseph is moderately wounded.
You closely miss Joseph. You grab Joseph. You squeeze Joseph.
Joseph is heavily wounded.
You constrict Joseph, but do no damage. You hit Joseph but do no damage.
You squeeze Joseph!
Joseph is severely wounded.
You constrict Joseph.
Joseph hits you with a +0 quarterstaff of pain.
You writhe in agony.
The grasping roots constrict your orc warrior zombie!
The grasping roots constrict you.
You hit Joseph but do no damage.
Joseph is severely wounded.
You constrict Joseph. You hit Joseph. You burn Joseph.
Joseph is severely wounded.
You constrict Joseph.
Joseph is no longer moving slowly.
The roots release their grip on your orc warrior zombie.
You hit Joseph. You burn Joseph. You squeeze Joseph, but do no damage.
Joseph is severely wounded.
You constrict Joseph, but do no damage.
Joseph hits you with a +0 quarterstaff of pain!!
You writhe in agony.
The grasping roots constrict you.
* * * LOW HITPOINT WARNING * * *
You hit Joseph but do no damage. You squeeze Joseph.
Joseph is severely wounded.
You constrict Joseph.
Joseph hits you with a +0 quarterstaff of pain.
* * * LOW HITPOINT WARNING * * *
You writhe in agony.
* * * LOW HITPOINT WARNING * * *
The grasping roots constrict you!
You die...
Your body rises from the dead as a mindless zombie.

#.# #......# #.#
#..####. #.# #..####.
#.# #....... #<#
##.###..
#.##############.# #.#
#.......##.......# #.#
#######.##...###.###Z#
#ZZZ@@..###.# #.....#
#Z####..###.######..#
#.# #...........#..#
#Z# #.####.####.#.Z#
#.# #.# #.# #.#.Z# #.#
#.# #.####.#.)Z #.#
#.# #.##.#.#.## #.#
#.####.#....#.## #Z#
#......##.###...


You could see Joseph (poisoned, ally target), 2 friendly yak zombies, a friendly
sky beast zombie and a friendly orc warrior zombie.

Vanquished Creatures
  Pikel (D:6)
  4 yaks (D:8)
  A steam dragon (D:7)
  Edmund (D:5)
  A water moccasin (D:6)
  A black bear (D:6)
  Pargi (Sewer)
  An orc warrior (D:8)
  5 sky beasts
  An ogre (D:5)
  2 lemures (D:6)
  2 phantoms
  A bullfrog (D:6)
  2 necrophages
  3 scorpions
  5 wights (D:7)
  6 howler monkeys (D:8)
  7 hounds
  2 orc priests (D:8)
  A gnoll bouda (D:4)
  3 jellies
  4 iguanas
  2 orc wizards (D:6)
  A scorpion zombie (D:4)
  A hound zombie (D:4)
  10 gnolls
  A river rat (D:6)
  9 adders
  3 white imps
  4 ufetubi
  4 worms
  23 orcs
  6 ball pythons
  8 bats
  5 endoplasms
  6 giant cockroaches
  8 goblins
  3 hobgoblins
  2 jackals (D:5)
  7 quokkas
  5 frilled lizards
  9 kobolds
  10 rats
182 creatures vanquished.

Vanquished Creatures (collateral kills)
  A yak (D:8)
  A shadow imp (D:5)
  An orc (D:8)
  2 jackals (D:5)
5 creatures vanquished.

Vanquished Creatures (others)
  A yak zombie (D:8)
  A howler monkey zombie (D:8)
  A steam dragon zombie (D:7)
  5 orc zombies
8 creatures vanquished.

Grand Total: 195 creatures vanquished

Notes
Turn   | Place    | Note
-------+----------+-------------------------------------------
     0 | D:1      | snarfax the Octopode Brigand began the quest for the Orb.
     0 | D:1      | Reached XP level 1. HP: 14/14 MP: 1/1
   193 | D:1      | Found a faded altar of an unknown god.
   414 | D:1      | Reached XP level 2. HP: 19/19 MP: 2/2
   955 | D:2      | Reached XP level 3. HP: 24/24 MP: 3/3
  1300 | D:2      | Reached XP level 4. HP: 23/30 MP: 4/4
  2084 | D:3      | Noticed a scorpion
  2087 | D:3      | Killed a scorpion
  2088 | D:3      | Reached skill level 6 in Stealth
  2088 | D:3      | Reached XP level 5. HP: 36/36 MP: 5/5
  2127 | D:3      | Identified the +1 ring mail of the Blessed Realm {rElec}
  2904 | D:3      | Reached XP level 6. HP: 42/42 MP: 6/6
  3119 | D:4      | Found an ancient bone altar of Kikubaaqudgha.
  3119 | D:4      | Found a blossoming altar of Fedhas.
  3122 | D:4      | Found a sacrificial altar of Ru.
  3854 | D:4      | Reached XP level 7. HP: 46/46 MP: 7/7
  3919 | D:4      | Found a basalt altar of Yredelemnul.
  3952 | D:4      | Became a worshipper of Yredelemnul the Dark
  4122 | D:4      | Found an opulent altar of Gozag.
  4128 | D:4      | Reached skill level 7 in Stealth
  4210 | D:5      | Entered Level 5 of the Dungeon
  4242 | D:5      | Found a staircase to the Ecumenical Temple.
  4263 | D:5      | Reached * piety under Yredelemnul
  4276 | D:5      | Noticed Edmund
  4301 | D:5      | Killed Edmund
  4302 | D:5      | Reached skill level 5 in Short Blades
  4459 | D:5      | Reached XP level 8. HP: 42/54 MP: 8/8
  4594 | D:5      | Reached ** piety under Yredelemnul
  4924 | D:5      | Reached skill level 8 in Stealth
  5294 | D:5      | Found a bloodstained altar of Trog.
  5579 | D:6      | Found a glowing drain.
  5610 | Sewer    | Entered a sewer
  5748 | Sewer    | Noticed Pargi
  5758 | Sewer    | Killed Pargi
  5759 | Sewer    | Reached skill level 5 in Dodging
  5759 | Sewer    | Reached skill level 9 in Stealth
  6254 | D:6      | Reached XP level 9. HP: 51/58 MP: 9/9
  6348 | D:6      | Noticed Pikel
  6370 | D:6      | Killed Pikel
  6761 | D:6      | Reached skill level 10 in Stealth
  6765 | D:6      | Identified the +5 hand axe of Waselava {vorpal, Str+2}
  8541 | D:8      | Found One Ups's Armour Shop.
  8829 | D:8      | Reached XP level 10. HP: 63/63 MP: 10/10
  8974 | D:8      | Reached skill level 11 in Stealth
  8985 | D:8      | Reached skill level 10 in Short Blades
  9206 | D:8      | Reached *** piety under Yredelemnul
  9291 | D:8      | Noticed Joseph
  9311 | D:8      | Constricted to death by Joseph

Illustrated notes

Levels and vault maps discovered:
D:1:      dpeg_arrival_pond, layout_rooms, shapermc_ecumenical_altar_pompeii,
          minmay_octomino_c4
D:2:      layout_basic, nrook_campfire
D:3:      minmay_chambers_of_threes, layout_loops_ring
D:4:      layout_basic, grunt_temple_overflow_open,
          lemuel_zombie_altar_yredelemnul, nicolae_gozag_seed_capital,
          grunt_ministairs_14, moated_statue
D:5:      layout_loops_ring, lemuel_coloured_pillars_altar, temple_pool_b,
          uniq_edmund
D:6:      layout_loops_corners, gup_sewer_entry_bubbles, uniq_pikel
D:7:      layout_basic
D:8:      layout_loops_ring, serial_shops, nicolae_stop_n_shop_2, uniq_joseph

Skill      XL: |  1  2  3  4  5  6  7  8  9 10 |
---------------+-------------------------------+-----
Short Blades   | 3 4 5 7 9 10 | 10.2
Dodging        | 2 3 5 6 7 |  7.2
Stealth        | 6 7 9 10 11 | 11.2
Fighting       | 3 4 |  4.0
Throwing       | 3 |  3.0

Action                   |  1- 3 |  4- 6 |  7- 9 | 10-12 || total
-------------------------+-------+-------+-------+-------++-------
Melee: Dagger            |    45 |   105 |    20 |       ||   170
       Constrict         |    13 |    25 |    35 |     7 ||    80
       Tentacles         |     8 |    22 |    67 |    28 ||   125
       Short sword       |       |       |   218 |    74 ||   292
       Punch             |       |       |     4 |     3 ||     7
Throw: Dart              |     9 |    18 |     6 |     4 ||    37
       Boomerang         |       |       |     5 |       ||     5
  Use: Scroll            |       |     4 |     6 |       ||    10
       Potion            |       |       |     3 |       ||     3
 Stab: Sleeping          |     4 |    24 |    27 |     1 ||    56
       Distracted        |       |       |     1 |       ||     1
Armor: Skin              |     3 |     1 |     4 |       ||     8
Dodge: Dodged            |    21 |    45 |   113 |    25 ||   204

Table legend: (Time is in decaauts)
 A = Elapsed time spent in this place.
 B = Non-inter-level travel time spent in this place.
 C = Inter-level travel time spent in this place.
 D = Time resting spent in this place.
 E = Time spent auto-exploring this place.
 F = Levels seen in this place.
 G = Mean time per level.
                   A        B        C        D        E       F      G
               +--------+--------+--------+--------+--------+-----+--------+
         Total |   9189 |   9052 |    137 |    638 |   6858 |   9 | 1021.0 |
       Dungeon |   8995 |   8858 |    137 |    530 |   6847 |   8 | 1124.4 |
         Sewer |    194 |    194 |      0 |    108 |     11 |   1 |  194.0 |
               +--------+--------+--------+--------+--------+-----+--------+

Top non-repeatable levels by time:
     D:7: 1516 daAuts
     D:6: 1341 daAuts
     D:2: 1202 daAuts
     D:4: 1177 daAuts
     D:5: 1175 daAuts
     D:3: 1060 daAuts
     D:8: 781 daAuts
     D:1: 739 daAuts
   Sewer: 194 daAuts
